 Dungeon Crawl Stone Soup version 0.31.0-9-g3a7656b989 (webtiles) character file.

Game seed: 5753837644520635926

7 EnegeticOcto the Ruffian (level 1, -3/22 HPs)
             Began as a Troll Monk on Jan 31, 2024.
             Slain by a gnoll
             ... wielding a +1 flail of protection
              (13 damage)
             ... on level 1 of the Dungeon.
             The game lasted 00:00:07 (139 turns).

EnegeticOcto the Ruffian (Troll Monk)                Turns: 139, Time: 00:00:07

Health: -3/22      AC:  4    Str: 18    XL:     1   Next: 83%
Magic:  0/0        EV: 10    Int:  6    God:
Gold:   0          SH:  0    Dex: 12    Spells: 0/0 levels left

rFire   . .          .
                       - Unarmed
rCold   . . .        c - orb {light}
rNeg    . . .        a - +0 robe
rPois   .            (helmet restricted)
rElec   .            (no cloak)
rCorr   .            (gloves unavailable)
SInv    .            (boots unavailable)
Will    .....        (no amulet)
Stlth   +            (no ring)
HPRegen 1.03/turn    (no ring)
MPRegen 0.07/turn

%: no passive effects
@: glowing
A: large, unfitting armour, claws 3, regeneration 1, shaggy fur 1, tough skin 1
a: no special abilities


You were on level 1 of the Dungeon.
You visited 1 branch of the dungeon, and saw 1 of its levels.

Inventory:

Armour
 a - a +0 robe (worn)
 c - an orb of light (worn)
Scrolls
 d - a scroll of fog {unknown}
Potions
 b - a potion of ambrosia


   Skills:
 + Level 2.5 Fighting
 + Level 2.5 Dodging
 * Level 3.2 Unarmed Combat


You couldn't memorise any spells.
You didn't know any spells.
Your spell library was empty.

Dungeon Overview and Level Annotations

Branches:
Dungeon (1/15) Zot: 5861

Altars:


Innate Abilities, Weirdness & Mutations

You are too large for most types of armour.
You have claws for hands.
Your natural rate of healing is unusually fast.
You are covered in fur. (AC +1)
You have tough skin. (AC +1)


Message History

The kobold moves out of view.
The goblin closely misses you.
You claw the goblin!
You kill the goblin!
The kobold hits you but does no damage.
You claw the kobold!
You kill the kobold!
No target in view!
No target in view!
An endoplasm comes into view.
A kobold comes into view. It is wielding a +0 whip.
You see here a +0 short sword.
There are monsters nearby!
The endoplasm quivers.
You scratch the endoplasm.
The endoplasm is moderately wounded.
The endoplasm closely misses you.
You scratch the endoplasm.
You kill the endoplasm!
The kobold hits you but does no damage.
You scratch the kobold.
You kill the kobold!
No target in view!
A frilled lizard comes into view.
The frilled lizard hisses angrily.
A frilled lizard is nearby!
A frilled lizard is nearby!
The frilled lizard unfolds its giant frill.
The frilled lizard bites you but does no damage.
You closely miss the frilled lizard. The frilled lizard closely misses you.
You barely miss the frilled lizard. The frilled lizard closely misses you.
You scratch the frilled lizard.
You kill the frilled lizard!
No target in view!
You see here a frilled lizard corpse.
A kobold comes into view. It is wielding a +0 short sword.
A kobold is nearby!
A kobold is nearby!
The kobold throws a stone.
The stone hits you but does no damage.
Found a scroll labelled XUEGUN IGYOB.
You scratch the kobold.
The kobold is severely wounded.
The kobold hits you with a +0 short sword.
You claw the kobold!
You kill the kobold!
No target in view!
No target in view!
No target in view!
d - a scroll labelled XUEGUN IGYOB
Found a stone staircase leading down.
No target in view!
No target in view!
No target in view!
No target in view!
No target in view!
No target in view!
No target in view!
No target in view!
A rat comes into view.
The rat squeaks loudly.
A rat is nearby!
A rat is nearby!
A rat is nearby!
The rat bites you but does no damage.
You barely miss the rat.
The rat twitches its whiskers.
The rat misses you.
You barely miss the rat. The rat bites you but does no damage.
You claw the rat!
You kill the rat!
No target in view!
Found a buckler.
A gnoll comes into view.
It is wielding a +1 flail of protection.
The gnoll shouts!
A gnoll is nearby!
You scratch the gnoll.
The gnoll is lightly wounded.
A rat comes into view.
The gnoll hits you with a +1 flail of protection!
You are too injured to fight recklessly!
You are too injured to fight recklessly!
You are too injured to fight recklessly!
You are too injured to fight recklessly!
You are too injured to fight recklessly!
You are too injured to fight recklessly!
You are too injured to fight recklessly!
There are monsters nearby!
You scratch the gnoll but do no damage.
The gnoll is lightly wounded.
The gnoll hits you with a +1 flail of protection!
You scratch the gnoll but do no damage.
The gnoll is lightly wounded.
The gnoll closely misses you.
You barely miss the gnoll.
The gnoll is lightly wounded.
You scratch the gnoll.
The gnoll is moderately wounded.
The gnoll hits you with a +1 flail of protection!
Ouch! That really hurt!
You die...

####8...8########..###.#
##.#.##.........###.#
8.#.8#..#..##.......
##.#.##.###.##...##.. 8.
.8#.###.##.#.##..
#..#..##.#.##..
#.....##.#.##..
...###+###.....##.......
.......@.......# #. ....
.####rg#.####### .....
#.#?... ..##..
.....#.... #..... .....#
....... #..#.# #.#.####
..# # .##. ..#


You could see a gnoll and a rat.

Vanquished Creatures
  An endoplasm (D:1)
  A goblin (D:1)
  A frilled lizard (D:1)
  3 kobolds (D:1)
  A rat (D:1)
7 creatures vanquished.

Notes
Turn   | Place    | Note
-------+----------+-------------------------------------------
     0 | D:1      | EnegeticOcto the Troll Monk began the quest for the Orb.
     0 | D:1      | Reached XP level 1. HP: 22/22 MP: 0/0
   139 | D:1      | Slain by a gnoll

Illustrated notes

Levels and vault maps discovered:
D:1:      heliophobic_arrival_ceremonial_halls, layout_loops_ring,
          dreamdust_ecumenical_altar_hidden_monk_grotto

Action                     || total
---------------------------++-------
  Melee: Unarmed           ||    18
 Armour: Robe              ||    10
  Dodge: Dodged            ||     6

Table legend:
 A = Kills in this place as a percentage of kills in the entire game.
 B = Kills by you in this place as a percentage of kills by you in the entire game.
 C = Kills by friends in this place as a percentage of kills by friends in the entire game.
 D = Other kills in this place as a percentage of other kills in the entire game.
 E = Experience gained in this place as a percentage of experience gained in the entire game.
 F = Experience gained in this place divided by the number of levels of this place that you have seen.
                   A       B       C       D       E      F
               +-------+-------+-------+-------+-------+----------------------
         Total | 100.0 | 100.0 |   N/A |   N/A | 100.0 |  10.0
       Dungeon | 100.0 | 100.0 |   N/A |   N/A | 100.0 |  10.0
               +-------+-------+-------+-------+-------+----------------------

Table legend: (Time is in decaauts)
 A = Elapsed time spent in this place.
 B = Non-inter-level travel time spent in this place.
 C = Inter-level travel time spent in this place.
 D = Time resting spent in this place.
 E = Time spent auto-exploring this place.
 F = Levels seen in this place.
 G = Mean time per level.
                   A        B        C        D        E       F      G
               +--------+--------+--------+--------+--------+-----+--------+
         Total |    137 |    137 |      0 |      0 |     96 |   1 |  137.0 |
       Dungeon |    137 |    137 |      0 |      0 |     96 |   1 |  137.0 |
               +--------+--------+--------+--------+--------+-----+--------+

Top non-repeatable levels by time:
     D:1: 137 daAuts
